 Dungeon Crawl Stone Soup version 0.28-a0-697-g47f3eba078 (webtiles) character file.

Game seed: 940234228720903178

723 KoroneIsBestGirl the Chiller (level 7, -1/39 (41) HPs)
             Began as an Octopode Ice Elementalist on Oct 24, 2021.
             Was a Believer of the Shining One.
             Slain by a wight (7 damage)
             ... on level 5 of the Dungeon.
             The game lasted 00:08:15 (5980 turns).

KoroneIsBestGirl the Chiller (OpIE)                 Turns: 5980, Time: 00:08:16

HP:   -1/39 (41)    AC:  1    Str:  8    XL:     7   Next: 71%
MP:   7/13          EV: 14    Int: 19    God:    the Shining One [**....]
Gold: 177           SH:  0    Dex: 12    Spells: 7/14 levels left

rFire   . . .      SeeInvis .   c - +2 dagger (freeze)
rCold   . . .      Faith    .   (no shield)
rNeg    + . .      Spirit   .   (helmet restricted)
rPois   .          Reflect  .   i - amulet of magic regeneration
rElec   .          Harm     .   j - ring of resist corrosion
rCorr   +          Rampage  .   (no ring)
Will    .....                   (no ring)
Stlth   +.........              (no ring)
HPRegen 0.13/turn               (no ring)
MPRegen 0.38/turn               (no ring)
                                (no ring)
                                (no ring)

@: glowing, lightly drained
A: almost no armour, amphibious, 8 rings, camouflage 1, gelatinous body 1,
(nimble swimmer 1), tentacles
a: Renounce Religion, Divine Shield


You were on level 5 of the Dungeon.
You worshipped the Shining One.
The Shining One was pleased with you.
You visited 1 branch of the dungeon, and saw 5 of its levels.

You collected 177 gold pieces.

Inventory:

Hand Weapons
 c - a +2 dagger of freezing (weapon)
Missiles
 a - 127 stones
Jewellery
 i - an amulet of magic regeneration (around mantle)
 j - a ring of resist corrosion (left tentacle)
 k - an amulet of reflection
Wands
 p - a wand of flame (19)
 r - a wand of polymorph (4)
 s - a wand of paralysis (11)
Scrolls
 b - 4 scrolls of teleportation {unknown}
 e - a scroll of vulnerability {unknown}
 f - a scroll of identify {unknown}
 g - a scroll of noise {unknown}
 h - 2 scrolls of immolation {unknown}
 l - a scroll of enchant weapon {unknown}
 m - 2 scrolls of fear {unknown}
 o - a scroll of silence {unknown}
Potions
 d - a potion of brilliance {unknown}
 n - 2 potions of degeneration {unknown}
 q - a potion of curing {unknown}


   Skills:
 + Level 4.7 Dodging
 - Level 2.6 Stealth
 + Level 4.4 Spellcasting
 + Level 6.7 Ice Magic


You had 7 spell levels left.
You knew the following spells:

 Your Spells              Type           Power      Damage    Failure   Level
a - Freeze                Ice            100%       1d11      1%          1
b - Frozen Ramparts       Ice            58%        1d7       2%          3
c - Ozocubu's Armour      Ice            29%        N/A       2%          3

Your spell library contained the following spells:

 Spells                   Type           Power      Damage    Failure   Level
 Corpse Rot               Necr/Air       8%         N/A       21%         2
 Poisonous Vapours        Pois/Air       8%         N/A       21%         2
 Hailstorm                Conj/Ice       17%        3d6       32%         4
 Conjure Flame            Conj/Fire      4%         6-21      36%         3
 Ignite Poison            Fire/Tmut/Pois 4%         N/A       36%         3
 Portal Projectile        Hex/Tloc       8%         N/A       36%         3
 Sticky Flame             Conj/Fire      4%         2d3       78%         4
 Blade Hands              Tmut           2%         N/A       98%         5
 Excruciating Wounds      Necr           2%         N/A       98%         5


Dungeon Overview and Level Annotations

Branches:
Dungeon (5/15)
 Temple: D:4-7

Altars:
The Shining One

Shops:
D:2 =   D:3 =

Annotations:
D:3 3 runed translucent doors, freelancePsychic's ghost, weakling MfIE


Innate Abilities, Weirdness & Mutations

You cannot wear most types of armour.
You are amphibious.
You can wear up to eight rings at the same time.
Your skin changes colour to match your surroundings (Stealth+).
Your rubbery body absorbs attacks. (AC +1, EV +1)
((You are camouflaged near water. (Stealth+)))
You have tentacles for arms and can constrict up to eight enemies at once.


Message History

The wall freezes the wight but does no damage.
The wight barely misses you.
You are too injured to fight recklessly!
Unknown command.
You hit the wight but do no damage.
The wight is moderately damaged.
You constrict the wight.
The wight resists.
The wall freezes the wight.
The wight closely misses you.
The wight completely resists.
The wall freezes the wight but does no damage.
The wight barely misses you.
You hit the wight but do no damage.
The wight is heavily damaged.
You constrict the wight.
The wight resists.
The wall freezes the wight.
The wight closely misses you.
The wight completely resists.
The wall freezes the wight but does no damage.
The wight misses you.
You hit the wight. You squeeze the wight.
The wight is almost destroyed.
You constrict the wight.
The wight resists.
The wall freezes the wight.
The wight misses you.
The wight resists.
The wall freezes the wight.
The wight barely misses you.
You hit the wight but do no damage. You squeeze the wight.
You destroy the wight!
The Shining One accepts your kill.
You feel better.
The wight resists.
The wall freezes the wight.
The wight hits you from afar with a +3 trident.
You partially resist.
You feel drained.
Your life force feels restored.
Your icy armour and frozen ramparts will break if you move.
Continue?
Your icy armour cracks and falls away as you move.
The frozen ramparts melt away as you move.
The wight hits you with a +3 trident!
* * * LOW HITPOINT WARNING * * *
You partially resist.
You feel drained.
* * * LOW HITPOINT WARNING * * *
The wight completely misses you.
Things that are here:
a +0 morningstar; a +0 robe The wight hits you from afar with a +3 trident!
You die...

#.##.# #########.##.#
..........##.#
...........#.#####
#.#######.##........
#...(..<...#.#.#####
#######..#...#.#......
#............#.#..####
#.###@#<.#.#.#.#..#..# #
#.)...#....#.#.....(
#####.#z#......#.#.##.#.##
..!..........>..##.#......
#####.#.#.#...............
..$.........#.#.#######
###.#.#.#.##.......#
#.#.#.#.##.....#.# . #...#
##.....#.#


You could see a wight.

Vanquished Creatures
  An ice beast (D:5)
  An ogre (D:4)
  A scorpion (D:4)
  2 water moccasin skeletons (D:4)
  A wight (D:5)
  A hound (D:5)
  An orc priest (D:3)
  2 iguanas
  An orc wizard (D:4)
  A scorpion zombie (D:5)
  Ijyb (D:4)
  7 adders
  A shadow imp (D:5)
  2 worms
  2 dart slugs
  13 orcs
  8 ball pythons
  4 endoplasms
  4 giant cockroaches
  7 goblins
  6 jackals
  7 quokkas
  5 bats
  5 frilled lizards
  4 kobolds
  7 rats
95 creatures vanquished.

Notes
Turn   | Place    | Note
-------+----------+-------------------------------------------
     0 | D:1      | KoroneIsBestGirl the Octopode Ice Elementalist began the
                  | quest for the Orb.
     0 | D:1      | Reached XP level 1. HP: 11/11 MP: 3/3
   293 | D:1      | Reached XP level 2. HP: 16/17 MP: 1/5
   763 | D:1      | Found a faded altar of an unknown god.
   770 | D:1      | Prayed at the altar of an unknown god.
   770 | D:1      | Became a worshipper of the Shining One
   770 | D:1      | Reached * piety under the Shining One
  1201 | D:1      | Reached XP level 3. HP: 3/21 MP: 0/6
  1754 | D:1      | Learned a level 3 spell: Frozen Ramparts
  1985 | D:2      | Learned a level 3 spell: Ozocubu's Armour
  2015 | D:2      | Reached XP level 4. HP: 16/27 MP: 1/7
  2135 | D:2      | Found Sivy's Jewellery Shop.
  2713 | D:3      | Found Cufos's Jewellery Shop.
  2722 | D:3      | Reached skill level 5 in Ice Magic
  2752 | D:3      | Reached XP level 5. HP: 6/31 MP: 1/9
  3419 | D:3      | Found a runed translucent gate.
  3511 | D:3      | Found a runed translucent gate.
  3511 | D:3      | Found a runed translucent gate.
  3513 | D:3      | Noticed freelancePsychic's ghost (weakling MfIE)
  3514 | D:3      | Noticed a kobold brigand
  4017 | D:4      | Reached ** piety under the Shining One
  4023 | D:4      | Reached XP level 6. HP: 26/36 MP: 7/11
  4372 | D:4      | Reached skill level 6 in Ice Magic
  4799 | D:4      | Reached XP level 7. HP: 41/41 MP: 7/12
  5242 | D:4      | Noticed Ijyb
  5250 | D:4      | Killed Ijyb
  5337 | D:5      | Entered Level 5 of the Dungeon
  5980 | D:5      | Slain by a wight

Illustrated notes

Levels and vault maps discovered:
D:1:      dpeg_arrival_renting, layout_loops_corners,
          shapermc_ecumenical_altar_acropolis, minivault_25
D:2:      layout_rooms, serial_shops, shop
D:3:      layout_loops_cross, serial_shops, shop, gammafunk_ghost_nasty_kobolds
D:4:      minmay_inner_zag, layout_layer_cave, uniq_ijyb
D:5:      layout_basic, zin_treasury

Skill      XL: |  1  2  3  4  5  6  7 |
---------------+----------------------+-----
Ice Magic      | 5 6 |  6.7
Dodging        | 3 4 |  4.7
Spellcasting   | 3 4 |  4.4
Stealth        | |  2.6

Action                   |  1- 3 |  4- 6 |  7- 9 || total
-------------------------+-------+-------+-------++-------
Melee: Unarmed           |     2 |       |       ||     2
       Constrict         |     4 |     4 |     5 ||    13
       Trident           |    10 |       |       ||    10
       Dagger            |     9 |    23 |    46 ||    78
       Tentacles         |     2 |     5 |     9 ||    16
 Cast: Freeze            |    37 |    66 |    14 ||   117
       Frozen Ramparts   |       |     5 |     3 ||     8
       Ozocubu's Armour  |       |     3 |     5 ||     8
 Stab: Sleeping          |     4 |       |       ||     4
Armor: Skin              |     4 |     7 |    11 ||    22
Dodge: Dodged            |    45 |    47 |    38 ||   130

Table legend: (Time is in decaauts)
 A = Elapsed time spent in this place.
 B = Non-inter-level travel time spent in this place.
 C = Inter-level travel time spent in this place.
 D = Time resting spent in this place.
 E = Time spent auto-exploring this place.
 F = Levels seen in this place.
 G = Mean time per level.
                   A        B        C        D        E       F      G
               +--------+--------+--------+--------+--------+-----+--------+
         Total |   5982 |   5880 |    102 |    741 |   4465 |   5 | 1196.4 |
       Dungeon |   5982 |   5880 |    102 |    741 |   4465 |   5 | 1196.4 |
               +--------+--------+--------+--------+--------+-----+--------+

Top non-repeatable levels by time:
     D:1: 1752 daAuts
     D:4: 1639 daAuts
     D:3: 1195 daAuts
     D:2: 752 daAuts
     D:5: 642 daAuts
